 Dungeon Crawl Stone Soup version 0.27-a0-1196-g3e9cee4cb2 (webtiles) character file.

Game seed: 4641986547260287101

32 bilbop the Skirmisher (level 3, 0/33 HPs)
             Began as a Minotaur Fighter on May 30, 2021.
             Killed by nerve-wracking pain
             ... invoked by a shadow imp
             ... summoned by Natasha
              (10 damage)
             ... on level 2 of the Dungeon.
             The game lasted 00:03:58 (819 turns).

bilbop the Skirmisher (Minotaur Fighter)             Turns: 819, Time: 00:03:59

Health: 0/33       AC:  7    Str: 20    XL:     3   Next: 10%
Magic:  2/2        EV:  7    Int:  5    God:
Gold:   73         SH:  9    Dex: 10    Spells: 2/2 levels left

rFire    . . .     SeeInvis .   a - +0 flail
rCold    . . .     Faith    .   c - +0 kite shield
rNeg     . . .     Spirit   .   g - +0 scale mail
rPois    +         Reflect  .   (helmet restricted)
rElec    .         Harm     .   (no cloak)
rCorr    .         Rampage  .   (no gloves)
Will     .....                  (no boots)
Stlth    ..........             (no amulet)
HPRegen  0.11/turn              k - ring of poison resistance
MPRegen  0.08/turn              (no ring)

@: no status effects
A: horns 2, retaliatory headbutt
a: no special abilities


You were on level 2 of the Dungeon.
You visited 1 branch of the dungeon, and saw 2 of its levels.

You collected 73 gold pieces.

Inventory:

Hand Weapons
 a - a +0 flail (weapon)
 b - a +0 hunting sling
Armour
 c - a +0 kite shield (worn)
 g - a +0 scale mail (worn)
Jewellery
 k - a ring of poison resistance (left hand)
Scrolls
 e - 2 scrolls of identify {unknown}
 f - a scroll of immolation {unknown}
 j - a scroll of enchant armour {unknown}
Potions
 d - a potion of might
 h - a potion of mutation {unknown}
 i - 2 potions of degeneration {unknown}


   Skills:
 + Level 3.9 Fighting
 + Level 2.8 Maces & Flails
 + Level 1.1 Slings
 + Level 3.8 Armour
 + Level 3.9 Shields
 + Level 0.8 Evocations


You had 2 spell levels left.
You didn't know any spells.
Your spell library contained the following spells:

 Spells                   Type           Power      Damage    Failure   Level
 Animate Skeleton         Necr           0%         N/A       99%         1
 Pain                     Necr           0%         1d4       99%         1
 Vampiric Draining        Necr           0%         2d6       100%        3
 Animate Dead             Necr           0%         N/A       100%        4
 Agony                    Necr           0%         N/A       100%        5


Dungeon Overview and Level Annotations

Branches:
Dungeon (2/15)

Altars:

Annotations:
D:2 Natasha


Innate Abilities, Weirdness & Mutations

You have a pair of horns on your head.
You reflexively headbutt those who attack you in melee.


Message History

Natasha is moderately wounded.
You block Natasha's attack.
Natasha casts a spell.
You hit Natasha.
Natasha is heavily wounded.
Natasha casts a spell.
The shadow imp hits you but does no damage.
You closely miss Natasha. Your headbutt misses Natasha.
Natasha is heavily wounded.
The shadow imp closely misses you.
Natasha wildly gestures.
You feel troubled. You block Natasha's attack. The shadow imp gestures at you.
You barely resist. Natasha claws you.
You closely miss Natasha. Your headbutt misses Natasha.
Natasha is moderately wounded.
The shadow imp hits you but does no damage.
Natasha claws you but does no damage. The shadow imp hits you.
The shadow imp barely misses you.
You barely miss Natasha. Your headbutt misses Natasha.
Natasha is moderately wounded.
You block the shadow imp's attack. Natasha claws you but does no damage.
The shadow imp hits you.
Natasha stares at you and mumbles some strange words.
The magic dart hits you. You block the shadow imp's attack.
You hit Natasha.
Natasha is heavily wounded.
The shadow imp hits you. Natasha casts a spell at you. The magic dart hits you.
The shadow imp barely misses you. You furiously retaliate!
You headbutt the shadow imp. The shadow imp barely misses you.
Your shield prevents you from hitting Natasha.
Natasha is heavily wounded.
Natasha closely misses you. You furiously retaliate!
You headbutt Natasha. The shadow imp hits you. The shadow imp gestures at you.
Pain shoots through your body!
You die...

#.######.#
..........#.##.....#
.........#.##.....#
.........#........#
........####.....#
........# #.....#
######..#... #.....#
#.?...h..# #.....#
#....5@..# #.....#
#......5.###.#
#.....#
#....^_^......
+......
#....^^^.#....
#...... #........#
... #####..
#........# .. #..
#........# . ###
#......†.#
#######.##


You could see Natasha and 2 shadow imps.

Vanquished Creatures
  An adder (D:2)
  2 bats
  3 endoplasms
  3 goblins
  2 quokkas
  4 ball pythons
  4 kobolds
  4 rats
23 creatures vanquished.

Notes
Turn   | Place    | Note
-------+----------+-------------------------------------------
     0 | D:1      | bilbop the Minotaur Fighter began the quest for the Orb.
     0 | D:1      | Reached XP level 1. HP: 19/19 MP: 0/0
   296 | D:1      | Reached XP level 2. HP: 24/27 MP: 1/1
   505 | D:1      | You fall into a shaft and drop 1 floor!
   638 | D:2      | Reached skill level 1 in Slings
   661 | D:2      | Reached XP level 3. HP: 33/33 MP: 2/2
   795 | D:2      | Found a faded altar of an unknown god.
   808 | D:2      | Noticed Natasha
   819 | D:2      | Killed from afar by a shadow imp

Illustrated notes

Levels and vault maps discovered:
D:1:      lightli_arrival_windingriver, layout_basic, minmay_misc_feat_pillars,
          chequers_garden, minmay_misc_feat_hallway, minmay_pentomino_w2
D:2:      layout_basic, ebering_ecumenical_altar_webs, serial_shops, shop,
          uniq_natasha

Skill      XL: |  1  2 |
---------------+-------+-----
Slings         | 1 |  1.1
Fighting       | |  3.9
Maces & Flails | |  2.8
Armour         | |  3.8
Shields        | |  3.9
Evocations     | |  0.8

Action                   || total
-------------------------++-------
Melee: Flail             ||    53
       Headbutt          ||    10
Armor: Scale mail        ||    26
Dodge: Dodged            ||    14
Block: Kite shield       ||    37

Table legend: (Time is in decaauts)
 A = Elapsed time spent in this place.
 B = Non-inter-level travel time spent in this place.
 C = Inter-level travel time spent in this place.
 D = Time resting spent in this place.
 E = Time spent auto-exploring this place.
 F = Levels seen in this place.
 G = Mean time per level.
                   A        B        C        D        E       F      G
               +--------+--------+--------+--------+--------+-----+--------+
         Total |    847 |    836 |     11 |      0 |    682 |   2 |  423.5 |
       Dungeon |    847 |    836 |     11 |      0 |    682 |   2 |  423.5 |
               +--------+--------+--------+--------+--------+-----+--------+

Top non-repeatable levels by time:
     D:1: 518 daAuts
     D:2: 329 daAuts
